 Dungeon Crawl Stone Soup version bcrawl-1.19.2-6-g6a88ae04c9 (webtiles) character file.

Game seed: 17044164444043825070

3050 Freyura the Blocker (level 9, -2/74 HPs)
             Began as a Gnoll Fighter on Jan 4, 2020.
             Was a Believer of Sif Muna.
             Slain by a wolf (4 damage)
             ... on level 7 of the Dungeon.
             The game lasted 00:23:06 (6356 turns).

Freyura the Blocker (Gnoll Fighter)                 Turns: 6356, Time: 00:23:07

Health: -2/74      AC: 21    Str: 19    XL:     9   Next: 87%
Magic:  15/15      EV: 10    Int: 12    God:    Sif Muna [**....]
Gold:   334        SH: 13    Dex: 18    Spells: 17/17 levels left

rFire    . . .     SeeInvis .   C - +1 morningstar (holy)
rCold    . . .     Gourm    .   E - +2 shield
rNeg     . . .     Faith    +   o - +0 storm dragon scales
rPois    .         Spirit   .   w - +1 helmet
rElec    +         Reflect  .   m - +1 cloak
rCorr    .         Harm     .   (no gloves)
MR       .....                  (no boots)
Stlth    +.........             y - amulet of faith
HPRegen  0.22/turn              c - +3 ring of protection
MPRegen  0.14/turn              u - +2 ring of dexterity

@: no status effects
A: distributed training, fangs 1, strong nose
a: Divine Energy, Renounce Religion


You were on level 7 of the Dungeon.
You worshipped Sif Muna.
Sif Muna was pleased with you.
You were near starving.

You visited 1 branch of the dungeon, and saw 7 of its levels.
You also visited: Ossuary.

You collected 537 gold pieces.
You spent 203 gold pieces at shops.

Inventory:

Hand Weapons
 B - a +0 scimitar of flaming
 C - a +1 morningstar of holy wrath (weapon)
 G - the +2 great mace of a bazaar {crush, rF+}
   (You found it on level 6 of the Dungeon)

   It inflicts extra damage upon your enemies.
   It protects you from fire.
Armour
 m - a +1 cloak (worn)
 o - +0 storm dragon scales (worn)
 w - a +1 helmet (worn)
 E - a +2 shield (worn)
Jewellery
 c - a +3 ring of protection (left hand)
 p - an uncursed ring of fire
 u - a +2 ring of dexterity (right hand)
 y - an amulet of faith (around neck)
Wands
 d - a wand of polymorph (4)
 F - a wand of random effects (7)
Scrolls
 a - a scroll of amnesia
 g - 6 scrolls of immolation
 j - 4 scrolls of identify
 k - 7 scrolls of teleportation
 n - 2 scrolls of remove curse
Potions
 b - a potion of might
 e - 4 potions of curing
 i - 5 potions of agility
 q - a potion of flight
 t - 4 potions of heal wounds
 v - a potion of brilliance
 x - 6 potions of lignification
 A - 2 potions of magic
Comestibles
 f - 14 rations {!d}


   Skills:
 + Level 8.1 Fighting
 + Level 4.5 Short Blades
 + Level 4.5 Long Blades
 + Level 4.5 Axes
 + Level 6.5 Maces & Flails
 + Level 4.5 Polearms
 + Level 4.5 Staves
 + Level 4.5 Slings
 + Level 4.5 Bows
 + Level 4.5 Crossbows
 + Level 4.5 Throwing
 + Level 8.1 Armour
 + Level 4.5 Dodging
 + Level 4.5 Stealth
 + Level 8.1 Shields
 + Level 4.5 Unarmed Combat
 + Level 4.5 Spellcasting
 + Level 3.7 Conjurations
 + Level 3.7 Hexes
 + Level 3.7 Charms
 + Level 3.7 Summonings
 + Level 3.7 Necromancy
 + Level 3.7 Translocations
 + Level 3.7 Transmutations
 + Level 3.7 Fire Magic
 + Level 3.7 Ice Magic
 + Level 3.7 Air Magic
 + Level 3.7 Earth Magic
 + Level 3.7 Poison Magic
 + Level 5.0 Invocations
 + Level 4.5 Evocations


You had 17 spell levels left.
You didn't know any spells.
Your spell library contained the following spells:

 Spells                   Type           Power        Failure   Level  Hunger
 Beastly Appendage        Tmut           ##....       47%         1    None
 Corpse Rot               Necr           N/A          63%         2    ##.....
 Shackle                  Hex            ##......     63%         2    ##.....
 Dazzling Spray           Conj/Hex       ##....       85%         3    ###....
 Stone Arrow              Conj/Erth      ##....       85%         3    ###....
 Petrify                  Tmut/Erth      ##......     99%         4    ####...
 Summon Forest            Summ/Tloc      ##........   100%        5    ######.
 Tree Form                Hex/Tmut       N/A          100%        5    ######.
 Poison Arrow             Conj/Pois      ##........   100%        6    #######
 Summon Hydra             Summ           ##........   100%        6    #######


Dungeon Overview and Level Annotations

Branches:
Dungeon (7/12)             Temple (0/1) D:5            Lair (0/6) D:7

Altars:
Ashenzari
Dithmenos
Gozag
Hepliaklqana
Sif Muna

Shops:
D:4 =%(*(   D:5 (

Annotations:
D:4 2 transporters


Innate Abilities, Weirdness & Mutations

Your experience applies equally to all skills.
You have very sharp teeth.
Your uncanny sense of smell can sniff out nearby items.


Message History

The troll claws you but does no damage. You block the wolf's attack.
The wolf bites you.
You closely miss the troll.
The troll is severely wounded.
You block the wolf's attack. The wolf bites you but does no damage.
You block the hound's attack. The troll bites you.
* * * LOW HITPOINT WARNING * * *
The troll claws you.
* * * LOW HITPOINT WARNING * * *
You block the troll's attack. The wolf bites you.
* * * LOW HITPOINT WARNING * * *
The wolf bites you.
* * * LOW HITPOINT WARNING * * *
The hound bites you but does no damage. The troll bites you.
* * * LOW HITPOINT WARNING * * *
The troll claws you.
* * * LOW HITPOINT WARNING * * *
You block the troll's attack. The wolf bites you.
You die...

*,,,,,,,,,,,,≈≈≈,,≈≈,≈
*,..........≈≈≈≈≈≈≈≈≈≈
*##(.......≈≈≈≈≈≈≈≈≈,,
*............≈≈≈≈,,,≈
*,.........≈≈≈≈≈,≈,,,
**#..........,,,,,,,>
#.......≈≈≈≈≈≈≈,,,,
##..hh...≈≈≈≈≈≈≈,≈≈≈
##..@.T..O.≈≈≈≈,≈≈≈≈≈
#.....h<....≈≈,≈≈≈≈≈≈
##........≈≈≈.,≈≈≈≈≈≈
#####.........≈..,≈,,≈≈≈≈
####..##...####.....,,,,,≈≈≈
#.....##....###..#.#***,,,,,
#...........#.[.##,## **,,,,
#...##...##.<...#,,.####.,,,
#....#...###...##*.......*,,


You could see a troll, an ogre, 2 wolves and a hound.

Vanquished Creatures
  A komodo dragon (D:6)
  An efreet (D:6)
  A hungry ghost (D:5)
  Duvessa (D:4)
  An ice beast (D:6)
  A sky beast (D:4)
  2 phantoms (D:5)
  A necrophage (D:6)
  3 ogres
  2 centaurs
  3 bullfrogs
  Dowan (D:4)
  A wyvern skeleton (D:6)
  A scorpion (D:5)
  2 centaur zombies
  A human zombie (Ossuary)
  4 hounds
  5 orc priests
  A bullfrog skeleton (D:6)
  A bullfrog zombie (D:5)
  5 orc wizards
  Crazy Yiuf (D:3)
  An iguana (D:6)
  Ijyb (D:3)
  3 worker ants
  6 mummies (Ossuary)
  3 worker ant zombies
  Robin (D:3)
  2 howler monkey skeletons
  3 gnolls (D:6)
  6 adders
  A shadow imp (D:4)
  An adder zombie (D:5)
  4 worms
  3 dart slugs
  8 leopard geckos
  19 orcs
  2 ball pythons
  A bat (D:1)
  5 giant cockroaches
  3 gnoll zombies (Ossuary)
  11 goblins
  12 hobgoblins
  12 jackals
  4 quokkas
  3 frilled lizards
  2 goblin zombies
  2 hobgoblin zombies (Ossuary)
  11 kobolds
  A quokka zombie (D:7)
  7 rats
178 creatures vanquished.

Notes
Turn   | Place    | Note
-------+----------+-------------------------------------------
     0 | D:1      | Freyura the Gnoll Fighter began the quest for the Orb.
     0 | D:1      | Reached XP level 1. HP: 23/23 MP: 1/1
   213 | D:1      | Reached XP level 2. HP: 26/29 MP: 2/2
   479 | D:1      | Reached XP level 3. HP: 32/35 MP: 3/3
   725 | D:1      | Reached skill level 1 in Invocations
  1114 | D:2      | Reached skill level 1 in Short Blades
  1114 | D:2      | Reached skill level 1 in Long Blades
  1114 | D:2      | Reached skill level 1 in Axes
  1114 | D:2      | Reached skill level 1 in Polearms
  1114 | D:2      | Reached skill level 1 in Staves
  1114 | D:2      | Reached skill level 1 in Slings
  1114 | D:2      | Reached skill level 1 in Bows
  1114 | D:2      | Reached skill level 1 in Crossbows
  1114 | D:2      | Reached skill level 1 in Throwing
  1114 | D:2      | Reached skill level 1 in Dodging
  1114 | D:2      | Reached skill level 1 in Stealth
  1114 | D:2      | Reached skill level 1 in Unarmed Combat
  1114 | D:2      | Reached skill level 1 in Spellcasting
  1114 | D:2      | Reached skill level 1 in Evocations
  1170 | D:2      | Found a hazy altar of Hepliaklqana.
  1170 | D:2      | Found a shimmering blue altar of Sif Muna.
  1197 | D:2      | Reached XP level 4. HP: 36/41 MP: 5/5
  1235 | D:2      | Reached skill level 1 in Conjurations
  1235 | D:2      | Reached skill level 1 in Hexes
  1235 | D:2      | Reached skill level 1 in Charms
  1235 | D:2      | Reached skill level 1 in Summonings
  1235 | D:2      | Reached skill level 1 in Necromancy
  1235 | D:2      | Reached skill level 1 in Translocations
  1235 | D:2      | Reached skill level 1 in Transmutations
  1235 | D:2      | Reached skill level 1 in Fire Magic
  1235 | D:2      | Reached skill level 1 in Ice Magic
  1235 | D:2      | Reached skill level 1 in Air Magic
  1235 | D:2      | Reached skill level 1 in Earth Magic
  1235 | D:2      | Reached skill level 1 in Poison Magic
  1747 | D:2      | Became a worshipper of Sif Muna the Loreminder
  1767 | D:3      | Noticed Ijyb
  1785 | D:3      | Killed Ijyb
  1785 | D:3      | Reached XP level 5. HP: 36/47 MP: 5/7
  2180 | D:3      | Noticed Robin
  2197 | D:3      | Killed Robin
  2369 | D:3      | Found a runed door.
  2432 | D:3      | Reached XP level 6. HP: 49/53 MP: 8/8
  2438 | D:3      | Found a shadowy altar of Dithmenos.
  2727 | D:3      | Noticed Crazy Yiuf
  2739 | D:3      | Killed Crazy Yiuf
  2826 | D:4      | Found Uckoicle's Antique Weapon Shoppe.
  2827 | D:4      | Found Nariatas's Magic Scroll Emporium.
  2827 | D:4      | Found Plog's Food Shoppe.
  2856 | D:4      | Reached skill level 5 in Maces & Flails
  3102 | D:4      | Found Xonuwnen's Antique Weapon Shoppe.
  3109 | D:4      | Bought a runed morningstar for 203 gold pieces
  3138 | D:4      | Found an opulent altar of Gozag.
  3148 | D:4      | Reached * piety under Sif Muna
  3302 | D:4      | Found a transporter.
  3309 | D:4      | Noticed a sky beast
  3320 | D:4      | Killed a sky beast
  3320 | D:4      | Reached XP level 7. HP: 52/59 MP: 10/10
  3415 | D:4      | Found Foygepur's Jewellery Shoppe.
  3530 | D:4      | Noticed Dowan
  3533 | D:4      | Noticed Duvessa
  3544 | D:4      | Killed Duvessa
  3544 | D:4      | Identified Sif Muna's Guide on Unstable Curses (Sif Muna
                  | gifted it to you on level 4 of the Dungeon)
  3544 | D:4      | Received a gift from Sif Muna
  3551 | D:4      | Killed Dowan
  3716 | D:4      | Found a transporter.
  3786 | D:4      | Found Gozag's Platinum Reserve.
  3948 | D:5      | Entered Level 5 of the Dungeon
  4074 | D:5      | Reached XP level 8. HP: 23/67 MP: 10/12
  4134 | D:5      | Found a shattered altar of Ashenzari.
  4635 | D:5      | Found Daddary's Weapon Emporium.
  4743 | D:5      | Found a staircase to the Ecumenical Temple.
  4858 | D:6      | Noticed an efreet
  4866 | D:6      | Killed an efreet
  4866 | D:6      | Received a gift from Sif Muna
  4866 | D:6      | Reached XP level 9. HP: 70/73 MP: 14/14
  4901 | D:6      | Reached ** piety under Sif Muna
  5550 | D:6      | Got a dazzling great mace
  5841 | D:6      | Noticed a komodo dragon
  5913 | D:6      | Killed a komodo dragon
  5994 | D:6      | Identified the +2 great mace of a bazaar {crush, rF+} (You
                  | found it on level 6 of the Dungeon)
  6074 | D:7      | Found a sand-covered staircase.
  6082 | Ossuary  | Entered an ossuary
  6220 | Ossuary  | Reached skill level 5 in Invocations
  6333 | D:7      | Noticed a troll
  6355 | D:7      | HP: 2/74 [troll (6)]
  6356 | D:7      | Slain by a wolf

Skill      XL: |  1  2  3  4  5  6  7  8  9 |
---------------+----------------------------+-----
Invocations    | 1 2 3 4 5 |  5.0
Short Blades   | 1 2 3 4 |  4.5
Long Blades    | 1 2 3 4 |  4.5
Axes           | 1 2 3 4 |  4.5
Polearms       | 1 2 3 4 |  4.5
Staves         | 1 2 3 4 |  4.5
Slings         | 1 2 3 4 |  4.5
Bows           | 1 2 3 4 |  4.5
Crossbows      | 1 2 3 4 |  4.5
Throwing       | 1 2 3 4 |  4.5
Dodging        | 1 2 3 4 |  4.5
Stealth        | 1 2 3 4 |  4.5
Unarmed Combat | 1 2 3 4 |  4.5
Spellcasting   | 1 2 3 4 |  4.5
Evocations     | 1 2 3 4 |  4.5
Conjurations   | 1 2 3 |  3.7
Hexes          | 1 2 3 |  3.7
Charms         | 1 2 3 |  3.7
Summonings     | 1 2 3 |  3.7
Necromancy     | 1 2 3 |  3.7
Translocations | 1 2 3 |  3.7
Transmutations | 1 2 3 |  3.7
Fire Magic     | 1 2 3 |  3.7
Ice Magic      | 1 2 3 |  3.7
Air Magic      | 1 2 3 |  3.7
Earth Magic    | 1 2 3 |  3.7
Poison Magic   | 1 2 3 |  3.7
Maces & Flails | 5 6 |  6.5
Fighting       | 7 8 |  8.1
Armour         | 7 8 |  8.1
Shields        | 7 8 |  8.1

Action                   |  1- 3 |  4- 6 |  7- 9 || total
-------------------------+-------+-------+-------++-------
Melee: Flail             |   101 |   156 |       ||   257
       Bite              |    11 |    27 |    47 ||    85
       Unarmed           |       |     7 |       ||     7
       Morningstar       |       |    38 |   328 ||   366
  Use: Potion            |       |     1 |     2 ||     3
       Scroll            |       |     1 |    17 ||    18
 Stab: Sleeping          |       |       |     1 ||     1
  Eat: Chunk             |     1 |     7 |     8 ||    16
       Ration            |       |       |     1 ||     1
Armor: Scale mail        |    26 |    81 |    36 ||   143
       Skin              |       |     1 |       ||     1
       Storm dragon scal |       |       |    86 ||    86
Dodge: Dodged            |    26 |    76 |   104 ||   206
Block: Shield            |    59 |   109 |   215 ||   383
